 Dungeon Sprint DCSS version 0.23-a0-635-g88ca12a (webtiles) character file.

2 Lanoc the Insei (level 1, -4/27 HPs)
             Began as a Demonspawn Monk on Dec 27, 2018.
             Was a Believer of Jiyva.
             Slain by a sky beast (6 damage)
             ... in the Dungeon (Sprint VI: "Thunderdome").
             The game lasted 00:02:26 (230 turns).

Lanoc the Insei (Demonspawn Monk)                    Turns: 230, Time: 00:02:27

Health: -4/27      AC:  2    Str: 16    XL:     1   Next: 66%
Magic:  1/1        EV: 14    Int: 13    God:    Jiyva [**....]
Gold:   75         SH:  0    Dex: 28    Spells: 0/0 levels left

rFire    + . .     SeeInvis .     - Unarmed
rCold    x . .     Gourm    .   (no shield)
rNeg     . . .     Faith    .   a - +0 robe
rPois    .         Spirit   .   (no helmet)
rElec    .         Reflect  .   (no cloak)
rCorr    +         Harm     .   (no gloves)
MR       .....     NoTele   +   (no boots)
Stlth    ..........             o - amulet of the Empire {+Rage rF+ rC- Int+3 Dex+2}
HPRegen  0.09/turn              m - ring "Zumnifo" {rCorr Dex+3}
MPRegen  0.07/turn              n - ring of Dissent {+Fly Dex+7}

@: berserking (expiring), very quick
A: no striking features
a: Request Jelly, Renounce Religion, Evoke Berserk Rage, Evoke Flight


You were in the Dungeon.
You worshipped Jiyva.
Jiyva was pleased with you.
You were not hungry.

You visited 1 branch You collected 210 gold pieces.
You spent 135 gold pieces at shops.

Inventory:

Armour
 a - a +0 robe (worn)
Jewellery
 m - the ring "Zumnifo" (left hand) {rCorr Dex+3}
   (You bought it in a shop in the Dungeon)

   [ring of resist corrosion]

   It affects your dexterity (+3).
 n - the ring of Dissent (right hand) {+Fly Dex+7}
   (You bought it in a shop in the Dungeon)

   [ring of flight]

   It affects your dexterity (+7).
   It lets you fly.
 o - the amulet of the Empire (around neck) {+Rage rF+ rC- Int+3 Dex+2}
   (You bought it in a shop in the Dungeon)

   [amulet of rage]

   It affects your intelligence (+3).
   It affects your dexterity (+2).
   It protects you from fire.
   It makes you vulnerable to cold.
   It lets you go berserk.
Wands
 j - a wand of acid (5)
 k - a wand of iceblast (5)
Scrolls
 h - 4 scrolls of blinking
 l - 3 scrolls of fog
Potions
 c - a potion of curing
 d - 4 potions of heal wounds
 e - 4 potions of haste
 f - 2 potions of magic
 g - a potion of berserk rage
 i - 2 potions of resistance
Comestibles
 b - a ration
 p - 7 chunks of flesh


   Skills:
 + Level 3.3 Fighting
 + Level 1.1 Armour
 + Level 3.0 Dodging
 - Level 1.7 Stealth
 * Level 3.3 Unarmed Combat


You couldn't memorise any spells.
You didn't know any spells.
Your spell library was empty.

Dungeon Overview and Level Annotations

Branches:
Dungeon (1/1)

Altars:
Cheibriados
Dithmenos
Fedhas
Gozag
Kikubaaqudgha
Makhleb
Okawaru
Qazlal
Ru
Sif Muna
Trog
Uskayaw
Vehumet
Wu Jian
Xom
Yredelemnul
Zin
The Shining One
Beogh
Jiyva
Lugonu

Shops:
D *[%??*?*:[((!!!!


Message History

You punch the sky beast!
The sky beast is moderately wounded.
The sky beast misses you.
Jiyva says: Divide and consume!
You barely miss the sky beast.
The sky beast is moderately wounded.
You closely miss the sky beast.
The sky beast is moderately wounded.
The sky beast flickers out of sight!
Deactivating autopickup; reactivate with Ctrl-A.
Something hits you. Something shocks you.
Unknown command.
You punch something! You barely miss something. Something hits you.
Something shocks you.
* * * LOW HITPOINT WARNING * * *
You miss something. You miss something. Something hits you.
* * * LOW HITPOINT WARNING * * *
Something shocks you.
You die...

##⌠⌠⌠## #..J..# ##.....##
##∩.....∩## #∩.......∩#
#_........# #J......._#
#_{......_# ###.@.......###
#⌠...........⌠#
######.8.........8.######
##∩_._......###......___∩##
###∩........8.# #.8........∩#
##.)...........###............
#⌠.....J....###...###.........
#⌠..........# #.<.# #.........
#⌠..........###...###.........


You could see 3 neutral jellies (fellow slime).

Vanquished Creatures
  A worm (D)
  An orc (D)
2 creatures vanquished.

Vanquished Creatures (others)
  An ooze (D)
1 creature vanquished.

Grand Total: 3 creatures vanquished

Notes
Turn   | Place    | Note
-------+----------+-------------------------------------------
     0 | D        | Lanoc the Demonspawn Monk began the quest for the Orb.
     0 | D        | Reached XP level 1. HP: 18/18 MP: 1/1
     3 | D        | Found a bloodstained altar of Trog.
     3 | D        | Found a stormy altar of Qazlal.
     4 | D        | Found a viscous altar of Jiyva.
     5 | D        | Found a deep blue altar of Sif Muna.
     5 | D        | Round 1.
     6 | D        | Found a shadowy altar of Dithmenos.
     6 | D        | Found a basalt altar of Yredelemnul.
     6 | D        | Found Nunwe's Magic Scroll Shop.
     6 | D        | Found Xab Mim's Staff Store.
     7 | D        | Found an iron altar of Okawaru.
     7 | D        | Found Qyess's Magic Scroll Shop.
     7 | D        | Found Etoudig's Must-Have Magic.
    12 | D        | Became a worshipper of Jiyva Jiwompes the Shapeless
    12 | D        | Reached * piety under Jiyva
    12 | D        | Reached ** piety under Jiyva
    22 | D        | Found a blossoming altar of Fedhas.
    23 | D        | Found an opulent altar of Gozag.
    24 | D        | Found an ancient bone altar of Kikubaaqudgha.
    25 | D        | Found Bojex's Distillery.
    26 | D        | Found Keaqas's Distillery.
    26 | D        | Found Juyxorr's Bottled Wisdom.
    26 | D        | Found a corrupted altar of Lugonu.
    26 | D        | Found a glowing golden altar of the Shining One.
    26 | D        | Found a radiant altar of Vehumet.
    26 | D        | Found Ibloal's Do-It-Yourself Clinic.
    42 | D        | Found a sacrificial altar of Ru.
    43 | D        | Found a shimmering altar of Xom.
    44 | D        | Found a glowing silver altar of Zin.
    45 | D        | Found Ulotweme's Weapon Rack.
    46 | D        | Found a burning altar of Makhleb.
    46 | D        | Found a roughly hewn altar of Beogh.
    46 | D        | Found a snail-covered altar of Cheibriados.
    46 | D        | Found Xoschaoxa's Premium Goods.
    46 | D        | Found Ceinwes's Basic Armour.
    46 | D        | Found Figok's Miscellaneous Merchandise.
    50 | D        | Found a hide-covered altar of Uskayaw.
    51 | D        | Found an ornate altar of the Wu Jian Council.
    53 | D        | Found Pufilul's Identification Station.
    53 | D        | Found Atuzuz's Delicious Food.
    54 | D        | Found Tohyasme's Advanced Armour.
    54 | D        | Found Xyagruygywk's Jewellery.
    62 | D        | Bought a bound wooden ring for 45 gold pieces
    62 | D        | Bought a crude bone ring for 45 gold pieces
    62 | D        | Bought a sparkling jade amulet for 45 gold pieces
    64 | D        | Identified the ring "Zumnifo" {rCorr Dex+3} (You bought it
                  | in a shop in the Dungeon)
    65 | D        | Identified the ring of Dissent {+Fly Dex+7} (You bought it
                  | in a shop in the Dungeon)
    66 | D        | Identified the amulet of the Empire {+Rage rF+ rC- Int+3
                  | Dex+2} (You bought it in a shop in the Dungeon)
   158 | D        | Arena points: 2 (+2) [x1]
   173 | D        | Round 2.
   193 | D        | Noticed a sky beast
   205 | D        | Reached skill level 1 in Armour
   230 | D        | Slain by a sky beast

Vault maps used:
D:        arena_sprint

Skill      XL: |  1 |
---------------+----+-----
Unarmed Combat | 3 |  3.3
Armour         | 1 |  1.1
Dodging        | 3 |  3.0
Fighting       | |  3.3
Stealth        | |  1.7

Action                   || total
-------------------------++-------
Melee: Unarmed           ||    23
 Abil: Evoke Berserk Rag ||     1
 Stab: Distracted        ||     1
Armor: Robe              ||     1
Dodge: Dodged            ||    10

Table legend:
 A = Non-vault XP
 B = Vault XP
 C = Vault XP percentage of total XP
 D = Non-vault monster count
 E = Vault monster count
 F = Vault count percentage of total count
                 A         B        C        D         E       F
            +---------+---------+-------+---------+---------+-------
      Total |       8 |       0 |   0.0 |       2 |       0 |   0.0
            +---------+---------+-------+---------+---------+-------
          D |       8 |       0 |   0.0 |       2 |       0 |   0.0
            +---------+---------+-------+---------+---------+-------
